 Dungeon Crawl Stone Soup version 0.31-a0-1-g4198be8af4 (webtiles) character file.

Game seed: 646989335044026511

2280 Chaoticas the Cleaver (level 9, 0/71 HPs)
             Began as a Minotaur Fighter on May 1, 2023.
             Was a Believer of Hepliaklqana.
             Slain by a killer bee (3 damage)
             ... on level 7 of the Dungeon.
             The game lasted 00:28:10 (6818 turns).

Chaoticas the Cleaver (Minotaur Fighter)            Turns: 6818, Time: 00:28:10

Health: 0/71       AC: 17    Str: 25    XL:     9   Next: 16%
Magic:  8/8        EV: 13    Int:  5    God:    Hepliaklqana [**....]
Gold:   419        SH:  0    Dex: 10    Spells: 8/8 levels left

rFire   . . .        j - +0 battleaxe (elec) {axe}
rCold   . . .        (shield currently unavailable)
rNeg    . . .        N - +0 plate armour
rPois   +            (helmet restricted)
rElec   .            (no cloak)
rCorr   .            t - +2 pair of gloves
SInv    .            y - +0 pair of boots
Will    .....        O - amulet of magic regeneration {@e2} Stlth
                     f - ring of poison resistance
HPRegen 0.31/turn    h - +5 ring of evasion
MPRegen 0.51/turn

%: no passive effects
@: no status effects
A: reduced essence, horns 2, retaliatory headbutt
a: Renounce Religion, Recall Ancestor, Ancestor Identity


You were on level 7 of the Dungeon.
You worshipped Hepliaklqana.
Hepliaklqana was pleased with you.
You visited 1 branch of the dungeon, and saw 8 of its levels.
You also visited: Sewer.

You collected 419 gold pieces.


Innate Abilities, Weirdness & Mutations

Your life essence is reduced to manifest your ancestor. (-10% HP)
You have a pair of horns on your head.
You reflexively headbutt those who attack you in melee.


   Skills:
 + Level 7.2 Fighting
 * Level 10.1 Axes
 + Level 7.2 Armour
 + Level 4.4 Dodging
 - Level 5.0 Shields


You had 8 spell levels left.
You didn't know any spells.
Your spell library contained the following spells:

 Spells                   Type           Power      Damage    Failure   Level
 Anguish                  Hex/Necr       0%         N/A       100%        4
 Cause Fear               Hex            0%         N/A       100%        4
 Enfeeble                 Hex            0%         N/A       100%        7

Inventory:

Hand Weapons
 a - a +0 war axe {axe}
 j - a +0 battleaxe of electrocution (weapon) {axe}
   (You found it on level 4 of the Dungeon)
 u - the +5 hand axe "Ninum" {protect, Fly rElec rF- MP+9, axe}
   (You found it on level 4 of the Dungeon)

   rF:        It makes you vulnerable to fire.
   rElec:     It insulates you from electricity.
   MP:        It affects your magic capacity (+9).
   Fly:       It grants you flight.
 v - a +1 whip of flaming {mace}
   (You took it off a kobold in a sewer)
Missiles
 e - 47 stones {throwing}
 l - 16 poisoned darts (quivered) {throwing}
 w - a curare-tipped dart {=fthrowing}
 L - 2 boomerangs {throwing}
 M - a throwing net {=f!fthrowing}
Armour
 c - a +0 buckler
 r - an orb of energy
   (You found it on level 2 of the Dungeon)
 t - a +2 pair of gloves (worn)
   (You found it on level 2 of the Dungeon)
 y - a +0 pair of boots (worn)
   (You found it on level 4 of the Dungeon)
 N - a +0 plate armour (worn)
   (You took it off an orc warrior on level 6 of the Dungeon)
 P - a +0 ring mail
   (You took it off an orc on level 7 of the Dungeon)
 Q - a +0 chain mail
   (You found it on level 7 of the Dungeon)
 T - a +0 robe
   (You took it off a wight on level 7 of the Dungeon)
 U - a +0 robe
   (You took it off a wight on level 7 of the Dungeon)
 V - a +0 robe
   (You took it off a wight on level 7 of the Dungeon)
 W - a +0 ring mail
   (You found it on level 7 of the Dungeon)
Magical Staves
 I - a staff of poison {!astaff}
   (You found it on level 5 of the Dungeon)
Jewellery
 f - a ring of poison resistance (left hand)
   (You found it on level 1 of the Dungeon)
 h - a +5 ring of evasion (right hand)
   (You found it on level 4 of the Dungeon)
 O - an amulet of magic regeneration (around neck) {@e2}
   (You found it on level 6 of the Dungeon)
 S - a ring of magical power
   (You found it on level 7 of the Dungeon)
Wands
 J - a wand of mindburst (21)
   (You found it on level 5 of the Dungeon)
Scrolls
 b - a scroll of fear
 g - a scroll of immolation {!r!r}
 i - 9 scrolls of teleportation {@r4}
 k - a scroll of vulnerability {!r!r}
 m - a scroll of silence {!r}
 C - a scroll of fog
 F - a scroll of enchant armour
 G - 5 scrolls of identify {@r1}
 H - a scroll of poison
 R - a scroll of blinking {unknown}
Potions
 d - 5 potions of might
 n - a potion of curing {unknown}
 o - 3 potions of heal wounds {unknown}
 p - 2 potions of haste {@q3}
 q - 3 potions of brilliance {unknown}
 s - a potion of degeneration {unknown}
 x - a potion of lignification {unknown}
 z - 2 potions of magic {unknown}
 A - 3 potions of invisibility {unknown}
 B - 2 potions of cancellation {unknown}
 D - a potion of experience {unknown}
 E - a potion of attraction {unknown}
 K - a potion of flight {unknown}

Dungeon Overview and Level Annotations

Branches:
Dungeon (8/15) Zot: 26957  Temple (0/1) D:4           Sewer (visited)
   Lair: D:8-11

Altars:
Dithmenos
Fedhas
Gozag
Hepliaklqana
Nemelex Xobeh
Sif Muna
Uskayaw
Xom

..# #......#...# #..## ..##
#..........#########.######
...####..........+...............
...).##.)........#########.#####.
..##.).......###.#########.## #.
..####.......###.#..........# #.
..# ##......'...'.....)....# #.
### #......###.#..........# #.
#......# #@#.######..## #.
####...###y#.# ###.## #.
###.....#y####...######.
#......>..............
#.###########.#######. #.######
##.## ### #.##...# ##...## #._
#.##.#.# ##.....## #..
#.##.#.###.......###._


You could see a killer bee.


Message History

The white imp shouts, "Flee, thou foppish nut-hook meatball!" 😮 HP[-7]
You take 7 damage, and now have 51/71 hp.
The killer bee attacks as you move away!
The killer bee misses you.
The killer bee attacks as you move away!
The killer bee misses you.
You feel sick. The killer bee misses you. The killer bee closely misses you.
You furiously retaliate!
You headbutt the killer bee. 😮 HP[-2]
You take 2 damage, and now have 49/71 hp.
The killer bee attacks as you move away!
The killer bee closely misses you.
You feel sick. The killer bee barely misses you. The killer bee stings you.
The killer bee stings you but does no damage. x2
There is a stone staircase leading up, spattered with blood here. 😮 HP[-7]
You take 7 damage, and now have 42/71 hp.
You feel sick. The killer bee barely misses you.
The killer bee stings you but does no damage.
The killer bee barely misses you. The killer bee stings you.
The killer bee stings you but does no damage.
You climb upwards.
You feel sick.
There is a stone staircase leading down here. 😮 HP[-6]
You take 6 damage, and now have 36/71 hp.
You closely miss the killer bee. Your headbutt misses the killer bee.
You barely miss the killer bee. You miss the killer bee.
You feel sick. The killer bee closely misses you. You furiously retaliate!
You headbutt the killer bee. The killer bee barely misses you.
You furiously retaliate!
You headbutt the killer bee! The killer bee barely misses you.
The killer bee closely misses you. You furiously retaliate!
You headbutt the killer bee. The killer bee misses you.
The killer bee barely misses you. 😨 HP[-1]
You take 1 damage, and now have 35/71 hp.
You slash the killer bee! You barely miss the killer bee.
You miss the killer bee.
You feel sick.
You are no longer poisoned.
The killer bee closely misses you. x2; You furiously retaliate!
You headbutt the killer bee!
You kill the killer bee!
The killer bee barely misses you.
The killer bee stings you but does no damage. x3
The killer bee closely misses you. 😨 HP[-1]
You take 1 damage, and now have 34/71 hp.
The killer bee barely misses you. x2; The killer bee stings you.
* * * LOW HITPOINT WARNING * * *
😨 HP[-4]
You take 4 damage, and now have 30/71 hp. 😨 HP[+1]
The killer bee attacks as you move away!
The killer bee stings you!
* * * LOW HITPOINT WARNING * * *
You are poisoned.
The killer bee poisons you!
You feel very sick.
The killer bee closely misses you. 😨 HP[-10]
You take 10 damage, and now have 21/71 hp.
You feel sick.
The killer bee closely misses you. 😨 HP[-2]
You take 2 damage, and now have 19/71 hp.
You miss the killer bee.
You feel sick. The killer bee completely misses you.
The killer bee barely misses you. 😨 HP[-1]
You take 1 damage, and now have 18/71 hp.
Unknown command.
You barely miss the killer bee.
You feel sick. The killer bee misses you. The killer bee stings you!
* * * LOW HITPOINT WARNING * * *
The killer bee stings you but does no damage. 😱 HP[-8]
You take 8 damage, and now have 10/71 hp.
You closely miss the killer bee. You headbutt the killer bee.
You feel sick. The killer bee stings you.
* * * LOW HITPOINT WARNING * * *
The killer bee barely misses you. You furiously retaliate!
You headbutt the killer bee!
You kill the killer bee! 😱 HP[-5]
You take 5 damage, and now have 5/71 hp.
You miss the killer bee.
You feel sick. The killer bee closely misses you.
The killer bee stings you but does no damage.
Unknown command.
You closely miss the killer bee.
You feel sick.
You are no longer poisoned.
The killer bee closely misses you. The killer bee barely misses you.
The killer bee misses you. 😱 HP[-2]
You take 2 damage, and now have 3/71 hp.
You hit the killer bee. The killer bee stings you.
* * * LOW HITPOINT WARNING * * *
The killer bee stings you but does no damage.
You barely miss the killer bee. Your headbutt misses the killer bee.
The killer bee closely misses you.
The killer bee stings you but does no damage.
The killer bee stings you.
You die...

Skill      XL: |  1  2  3  4  5  6  7  8  9 |
---------------+----------------------------+-----
Axes           | 3 4 5 6 8 9 10 | 10.1
Armour         | 4 5 7 |  7.2
Shields        | 4 5 |  5.0
Fighting       | 4 5 7 |  7.2
Dodging        | 2 4 |  4.4

Action                     |  1- 3 |  4- 6 |  7- 9 || total
---------------------------+-------+-------+-------++-------
  Melee: War axe           |    84 |   144 |       ||   228
         Headbutt          |    10 |    24 |    15 ||    49
         Battleaxe         |       |    46 |   126 ||   172
 Invoke: Ancestor Identity |       |       |     1 ||     1
         Ancestor Life: Ba |       |       |     1 ||     1
    Use: Potion            |     1 |       |     1 ||     2
         Scroll            |       |    11 |       ||    11
 Armour: Scale mail        |    42 |    89 |    57 ||   188
         Plate armour      |       |       |    28 ||    28
  Dodge: Dodged            |    38 |    90 |   116 ||   244
  Block: Buckler           |    15 |    36 |       ||    51

Levels and vault maps discovered:
D:1:      minmay_arrival_plants_in_alcoves, layout_basic,
          nicolae_kite_square_tiling_tiny
D:2:      layout_loops_ring, nicolae_ecumenical_lake_church, basic_altar,
          serial_bayou, serial_bayou_pond_e, serial_bayou_pond_c,
          serial_bayou_pond_e, serial_bayou_lagoon_a,
          hangedman_decor_peaks_small, uniq_jessica
D:3:      layout_rooms, fedhas_ov_isle_minmay, gup_sewer_entry_bubbles
D:4:      layout_rooms, mainiacjoe_overflow_alcove_4,
          nicolae_hepliaklqana_hazy_memory, minmay_temple_entry_stoned_glass
D:5:      layout_loops_corners, mainiacjoe_overflow_six_doors_small
D:6:      layout_basic, uniq_blork_the_orc
D:7:      layout_basic, xom_shifter_show, overflow_temple_1_default,
          lemuel_round_altar, kennysheep_crisscross, uniq_menkaure
D:8:      layout_cave_pools, okawaru_metal_pillars_3,
          mainiacjoe_overflow_alcove_1

Notes
Turn   | Place    | Note
-------+----------+-------------------------------------------
     0 | D:1      | Chaoticas the Minotaur Fighter began the quest for the Orb.
     0 | D:1      | Reached XP level 1. HP: 19/19 MP: 0/0
     0 | D:1      | magus.rc [v1.9.6]
    43 | D:1      | Reached skill level 3 in Axes
    58 | D:1      | Reached XP level 2. HP: 18/26 MP: 1/1
   274 | D:1      | Reached skill level 4 in Axes
   396 | D:1      | Reached XP level 3. HP: 31/31 MP: 2/2
   950 | D:2      | Noticed Jessica
   957 | D:2      | Killed Jessica
   958 | D:2      | Reached skill level 5 in Axes
   958 | D:2      | Reached XP level 4. HP: 35/40 MP: 3/3
  1009 | D:2      | Found a shadowy altar of Dithmenos.
  1052 | D:2      | Found a faded altar of an unknown god.
  1710 | D:3      | Reached skill level 4 in Armour
  1710 | D:3      | Reached skill level 4 in Shields
  1716 | D:3      | Reached skill level 4 in Fighting
  1801 | D:3      | Reached XP level 5. HP: 46/46 MP: 4/4
  1841 | D:3      | Found a glowing drain.
  1847 | Sewer    | Entered a sewer
  2056 | Sewer    | Reached skill level 6 in Axes
  2056 | Sewer    | Reached XP level 6. HP: 43/53 MP: 5/5
  2627 | D:3      | Found a blossoming altar of Fedhas.
  2943 | D:4      | You pick up a book of Hexes and begin reading...
  2943 | D:4      | You add the spells Anguish, Cause Fear and Enfeeble to your
                  | library.
  3071 | D:4      | Identified the +5 hand axe "Ninum" {protect, Fly rElec rF-
                  | MP+9}
  3237 | D:4      | Found a hazy altar of Hepliaklqana.
  3284 | D:4      | Became a worshipper of Hepliaklqana the Forgotten
  3313 | D:4      | Found a staircase to the Ecumenical Temple.
  3407 | D:4      | Found a hide-covered altar of Uskayaw.
  3668 | D:5      | Entered Level 5 of the Dungeon
  3816 | D:5      | Reached skill level 5 in Armour
  3816 | D:5      | Reached skill level 5 in Shields
  3816 | D:5      | Reached XP level 7. HP: 60/60 MP: 6/6
  3838 | D:5      | Reached skill level 5 in Fighting
  3879 | D:5      | Reached skill level 7 in Axes
  4245 | D:5      | Reached * piety under Hepliaklqana
  4325 | D:5      | Found a sparkling altar of Nemelex Xobeh.
  4541 | D:5      | Reached skill level 1 in Dodging
  4774 | D:6      | Reached skill level 8 in Axes
  4774 | D:6      | Reached skill level 2 in Dodging
  4784 | D:6      | Reached XP level 8. HP: 56/63 MP: 7/7
  4805 | D:6      | Reached skill level 6 in Fighting
  4805 | D:6      | Reached skill level 6 in Armour
  5109 | D:6      | Reached skill level 3 in Dodging
  5344 | D:6      | Reached skill level 9 in Axes
  5452 | D:6      | Noticed Blork the orc
  5465 | D:6      | Killed Blork the orc
  5680 | D:7      | Found an opulent altar of Gozag.
  5723 | D:7      | Found a shimmering blue altar of Sif Muna.
  5992 | D:7      | Reached ** piety under Hepliaklqana
  5993 | D:7      | Remembered your ancestor Ghosty as a battlemage
  6008 | D:7      | Reached skill level 4 in Dodging
  6055 | D:7      | Noticed Menkaure
  6061 | D:7      | Reached skill level 7 in Armour
  6064 | D:7      | HP: 14/61 [wight/+4 halberd (5)]
  6065 | D:7      | Killed Menkaure
  6066 | D:7      | Reached skill level 7 in Fighting
  6066 | D:7      | Reached XP level 9. HP: 16/71 MP: 8/8
  6335 | D:7      | Found a shimmering altar of Xom.
  6335 | D:7      | Found a shimmering altar of Xom.
  6335 | D:7      | Found a shimmering altar of Xom.
  6336 | D:7      | Found a shimmering altar of Xom.
  6336 | D:7      | Found a shimmering altar of Xom.
  6338 | D:7      | Found a shimmering altar of Xom.
  6338 | D:7      | Found a shimmering altar of Xom.
  6338 | D:7      | Found a shimmering altar of Xom.
  6468 | D:7      | Reached skill level 10 in Axes
  6813 | D:7      | HP: 17/71 [poisoned by a killer bee]
  6814 | D:7      | HP: 5/71 [killer bee (4)]
  6818 | D:7      | Slain by a killer bee

Vanquished Creatures
  Menkaure (D:7)
  2 orc warriors
  4 black bears
  A sky beast (D:6)
  3 centaurs
  A kobold brigand (Sewer)
  Blork the orc (D:6)
  A bullfrog (D:6)
  4 scorpions
  A wight (D:7)
  2 killer bees (D:7)
  A hound (D:6)
  2 jellies (D:6)
  Jessica (D:2)
  3 orc wizards
  3 iguanas
  3 gnolls (D:5)
  13 adders
  4 river rats (Sewer)
  A shadow imp (D:5)
  An ufetubus (D:4)
  2 worms
  4 dart slugs
  15 orcs
  7 ball pythons
  8 endoplasms
  6 giant cockroaches
  6 goblins
  8 hobgoblins
  9 jackals
  5 quokkas
  6 bats
  10 frilled lizards
  14 kobolds
  10 rats
163 creatures vanquished.

Vanquished Creatures (collateral kills)
  2 wights (D:7)
2 creatures vanquished.

Vanquished Creatures (others)
  A battlemage (D:8)
  4 ancestors
  38 plants
43 creatures vanquished.

Grand Total: 208 creatures vanquished

Table legend:
 A = Non-vault XP
 B = Vault XP
 C = Vault XP percentage of total XP
 D = Non-vault monster count
 E = Vault monster count
 F = Vault count percentage of total count
                 A         B        C        D         E       F
            +---------+---------+-------+---------+---------+-------
      Total |    2729 |     529 |  16.2 |     129 |      36 |  21.8
            +---------+---------+-------+---------+---------+-------
        D:1 |      47 |       0 |   0.0 |      28 |       0 |   0.0
        D:2 |      67 |      37 |  35.6 |      17 |       1 |   5.6
        D:3 |      59 |      16 |  21.3 |      17 |       7 |  29.2
        D:4 |     129 |       0 |   0.0 |      21 |       0 |   0.0
        D:5 |     442 |       0 |   0.0 |      14 |       0 |   0.0
        D:6 |    1093 |      94 |   7.9 |      18 |       1 |   5.3
        D:7 |     892 |     165 |  15.6 |      14 |       1 |   6.7
      Sewer |       0 |     217 | 100.0 |       0 |      26 | 100.0
            +---------+---------+-------+---------+---------+-------

Skill      XL: |  1  2  3  4  5  6  7  8  9 |
---------------+----------------------------+-----
Axes           | 3 4 5 6 8 9 10 | 10.1
Armour         | 4 5 7 |  7.2
Shields        | 4 5 |  5.0
Fighting       | 4 5 7 |  7.2
Dodging        | 2 4 |  4.4

Action                     |  1- 3 |  4- 6 |  7- 9 || total
---------------------------+-------+-------+-------++-------
  Melee: War axe           |    84 |   144 |       ||   228
         Headbutt          |    10 |    24 |    15 ||    49
         Battleaxe         |       |    46 |   126 ||   172
 Invoke: Ancestor Identity |       |       |     1 ||     1
         Ancestor Life: Ba |       |       |     1 ||     1
    Use: Potion            |     1 |       |     1 ||     2
         Scroll            |       |    11 |       ||    11
 Armour: Scale mail        |    42 |    89 |    57 ||   188
         Plate armour      |       |       |    28 ||    28
  Dodge: Dodged            |    38 |    90 |   116 ||   244
  Block: Buckler           |    15 |    36 |       ||    51

Illustrated notes

Table legend:
 A = Kills in this place as a percentage of kills in the entire game.
 B = Kills by you in this place as a percentage of kills by you in the entire game.
 C = Kills by friends in this place as a percentage of kills by friends in the entire game.
 D = Other kills in this place as a percentage of other kills in the entire game.
 E = Experience gained in this place as a percentage of experience gained in the entire game.
 F = Experience gained in this place divided by the number of levels of this place that you have seen.
                   A       B       C       D       E      F
               +-------+-------+-------+-------+-------+----------------------
         Total | 100.0 | 100.0 | 100.0 |   N/A | 100.0 | 362.0
       Dungeon |  84.2 |  84.0 | 100.0 |   N/A |  93.3 | 380.1
         Sewer |  15.8 |  16.0 |   0.0 |   N/A |   6.7 | 217.0
               +-------+-------+-------+-------+-------+----------------------

Table legend: (Time is in decaauts)
 A = Elapsed time spent in this place.
 B = Non-inter-level travel time spent in this place.
 C = Inter-level travel time spent in this place.
 D = Time resting spent in this place.
 E = Time spent auto-exploring this place.
 F = Levels seen in this place.
 G = Mean time per level.
                   A        B        C        D        E       F      G
               +--------+--------+--------+--------+--------+-----+--------+
         Total |   7074 |   6936 |    138 |   1023 |   4270 |   9 |  786.0 |
       Dungeon |   6331 |   6193 |    138 |   1023 |   3787 |   8 |  791.4 |
         Sewer |    743 |    743 |      0 |      0 |    482 |   1 |  743.0 |
               +--------+--------+--------+--------+--------+-----+--------+

Top non-repeatable levels by time:
     D:7: 1108 daAuts
     D:5: 1049 daAuts
     D:6: 986 daAuts
     D:2: 873 daAuts
     D:4: 839 daAuts
   Sewer: 743 daAuts
     D:1: 736 daAuts
     D:3: 712 daAuts
     D:8: 25 daAuts
